 Dungeon Crawl Stone Soup version 0.29.1 (webtiles) character file.

Game seed: 6122274027867005765

14296 LustLizard the Grappler (level 11, -2/111 HPs)
             Began as a Troll Fighter on Sept 14, 2022.
             Was a Believer of Wu Jian.
             Slain by a yak (12 damage)
             ... on level 10 of the Dungeon.
             The game lasted 00:27:25 (9598 turns).

LustLizard the Grappler (Troll Fighter)             Turns: 9598, Time: 00:27:26

Health: -2/111     AC:  6    Str: 32    XL:     11   Next: 86%
Magic:  10/10      EV: 10    Int:  8    God:    Wu Jian [**....]
Gold:   381        SH:  9    Dex:  9    Spells: 10/10 levels left

rFire   + + .      SeeInvis .     - Unarmed
rCold   + + .      Faith    .   b - +0 kite shield
rNeg    . . .      Spirit   .   A - +2 robe {rC+ rF+}
rPois   .          Reflect  .   (helmet restricted)
rElec   .          Harm     .   o - scarf {rC+ rF+}
rCorr   +          Rampage  .   (gloves unavailable)
Will    .....                   (boots unavailable)
Stlth   +.........              z - amulet of the acrobat
HPRegen 1.08/turn               M - ring of resist corrosion
MPRegen 0.12/turn               R - +6 ring of strength

@: studying 2 skills
A: large, unfitting armour, claws 3, regeneration 1, shaggy fur 1, tough skin 1
a: Renounce Religion, Wall Jump


You were on level 10 of the Dungeon.
You worshipped Wu Jian.
Wu Jian was pleased with you.
You visited 2 branches of the dungeon, and saw 12 of its levels.

You collected 705 gold pieces.
You spent 324 gold pieces at shops.

Inventory:

Missiles
 d - 11 javelins
 m - 81 stones
 u - 2 silver javelins
 I - 7 boomerangs
Armour
 b - a +0 kite shield (worn)
 o - a scarf of resistance (worn)
 A - a +2 robe of resistance (worn)
Jewellery
 z - an amulet of the acrobat (around neck)
 M - a ring of resist corrosion (left claw)
 R - a +6 ring of strength (right claw)
 T - a +6 ring of strength
Wands
 r - a wand of acid (3)
 Q - a wand of flame (4) (quivered)
Scrolls
 a - a scroll of identify
 i - 4 scrolls of magic mapping
 k - 3 scrolls of silence
 p - 2 scrolls of blinking
 s - 3 scrolls of fear
 x - 2 scrolls of immolation
 y - 4 scrolls of teleportation
 G - 3 scrolls of enchant weapon
 J - 2 scrolls of amnesia
 L - 5 scrolls of poison
 N - a scroll of torment
 P - 2 scrolls of enchant armour
Potions
 c - a potion of might
 f - 6 potions of curing
 g - 3 potions of heal wounds
 l - 4 potions of mutation
 q - 2 potions of lignification
 t - 2 potions of cancellation
 v - 2 potions of haste
 D - a potion of invisibility
 E - 2 potions of ambrosia
 K - a potion of flight


   Skills:
 + Level 8.2 Fighting
 + Level 7.5 Dodging
 + Level 9.0 Shields
 * Level 13.2 Unarmed Combat


You had 10 spell levels left.
You didn't know any spells.
Your spell library contained the following spells:

 Spells                   Type           Power      Damage    Failure   Level
 Freeze                   Ice            0%         1d3       63%         1
 Magic Dart               Conj           0%         1d3       63%         1
 Slow                     Hex            0%         N/A       63%         1
 Call Imp                 Summ           0%         N/A       77%         2
 Sublimation of Blood     Necr           0%         N/A       77%         2
 Confusing Touch          Hex            0%         N/A       94%         3
 Conjure Flame            Conj/Fire      0%         6-21      94%         3
 Frozen Ramparts          Ice            0%         1d1       94%         3
 Ignite Poison            Fire/Tmut/Pois 0%         N/A       94%         3
 Mephitic Cloud           Conj/Pois/Air  0%         N/A       94%         3
 Vampiric Draining        Necr           0%         2d6       94%         3
 Hailstorm                Conj/Ice       0%         3d3       100%        4
 Leda's Liquefaction      Hex/Erth       0%         N/A       100%        4
 Petrify                  Tmut/Erth      0%         N/A       100%        4
 Sticky Flame             Conj/Fire      0%         2d3       100%        4
 Irradiate                Conj/Tmut      0%         3d11      100%        5
 Lee's Rapid Deconstruct  Erth           0%         3d5*      100%        5
 Statue Form              Tmut/Erth      0%         N/A       100%        6


Dungeon Overview and Level Annotations

Branches:
Dungeon (11/15)            Temple (1/1) D:7
   Lair: D:8-11         Orc: D:9-12

Altars:
Ashenzari
Cheibriados
Dithmenos
Elyvilon
Fedhas
Gozag
Hepliaklqana
Kikubaaqudgha
Makhleb
Nemelex Xobeh
Okawaru
Qazlal
Ru
Sif Muna
Trog
Uskayaw
Vehumet
Wu Jian
Xom
Yredelemnul
Zin
The Shining One

Shops:
D:8 *   D:9 ?

Annotations:
D:9 exclusion: downstairs
Temple 2 transporters


Innate Abilities, Weirdness & Mutations

You are too large for most types of armour.
You have claws for hands.
Your natural rate of healing is unusually fast.
You are covered in fur. (AC +1)
You have tough skin. (AC +1)


Message History

You climb upwards.
Reactivating autopickup.
There is a stone staircase leading down here.
You claw the yak!
The yak is moderately wounded.
Something hits you.
Deactivating autopickup; reactivate with Ctrl-A.
Something hits you! The wyvern bites you. The yak gores you. The yak gores you!
You are too injured to fight recklessly!
You are too injured to fight recklessly!
Unknown command.
You mangle the yak!!
The yak is almost dead.
Something hits you. The wyvern bites you! The yak misses you.
The yak gores you.
You spin and attack the yak.
You closely miss the yak.
The yak is almost dead.
Something hits you but does no damage. The wyvern bites you!
* * * LOW HITPOINT WARNING * * *
The yak barely misses you.
Unknown command.
You scratch the yak but do no damage.
The yak is almost dead.
The wyvern misses you. You block the yak's attack.
The yak completely misses you.
You spin and attack the yak.
You mangle the yak!!
You kill the yak!
The Council accepts your kill. The wyvern closely misses you.
You spin and attack the wyvern.
You completely miss the wyvern. Something hits you but does no damage.
The wyvern bites you!
* * * LOW HITPOINT WARNING * * *
Something hits you.
* * * LOW HITPOINT WARNING * * *
There is a stone staircase leading up, spattered with blood here.
Unknown command.
You block something's attack. The wyvern bites you!
* * * LOW HITPOINT WARNING * * *
The yak gores you!
You die...

########
#......#########################
#......#.......>.>........'.....
#......#.......Yl.........#.....
#......'.......@..........#.....
#......#...##...{.........#.....
#.######...##............###'###
#...[.#....##...########'#......
##....#....##...##.......#......
#.....#....+....#........#......
#....##....##...#........#......
#....##....##...#........#......
###....#....##...##.......+......


You could see a yak and a wyvern.

Vanquished Creatures
  A hydra (D:10)
  A boulder beetle (D:10)
  3 two-headed ogres
  Pikel (D:4)
  A deep elf pyromancer (D:10)
  Psyche (D:8)
  4 trolls
  2 hornets
  A vampire (D:11)
  Sigmund (D:2)
  A shadow (D:10)
  5 wyverns
  10 yaks
  Eustachio (D:4)
  3 vampire mosquitoes
  4 steam dragons
  A warg (D:11)
  Edmund (D:5)
  An acid dragon (D:10)
  4 water moccasins
  An orc warrior (D:10)
  An ice beast (D:5)
  3 sky beasts (D:6)
  2 black bears
  4 ogres
  3 centaurs
  3 bullfrogs
  A kobold brigand (D:10)
  3 scorpions
  6 necrophages
  A gnoll sergeant (D:10)
  13 wights
  13 killer bees
  7 howler monkeys
  5 orc priests
  5 hounds
  2 jellies
  A gnoll bouda (D:6)
  6 iguanas
  Natasha (twice) (D:3)
  12 orc wizards
  Robin (D:2)
  8 gnolls (D:6)
  10 adders
  A white imp (D:6)
  2 ufetubi
  5 worms
  3 dart slugs
  24 orcs
  8 endoplasms
  3 giant cockroaches
  10 hobgoblins
  7 jackals (D:1)
  3 quokkas
  13 ball pythons
  5 bats
  A frilled lizard (D:1)
  15 goblins
  10 kobolds
  4 rats
274 creatures vanquished.

Vanquished Creatures (others)
  An adder (D:3)
  2 fungi (D:11)
  18 plants (D:11)
21 creatures vanquished.

Grand Total: 295 creatures vanquished

Notes
Turn   | Place    | Note
-------+----------+-------------------------------------------
     0 | D:1      | LustLizard the Troll Fighter began the quest for the Orb.
     0 | D:1      | Reached XP level 1. HP: 22/22 MP: 0/0
   254 | D:1      | Reached XP level 2. HP: 29/29 MP: 1/1
   613 | D:1      | Found a faded altar of an unknown god.
   928 | D:2      | Reached XP level 3. HP: 26/36 MP: 2/2
   959 | D:2      | Reached skill level 3 in Unarmed Combat
  1017 | D:2      | Noticed Sigmund
  1308 | D:2      | Noticed Robin
  1351 | D:2      | Reached XP level 4. HP: 44/44 MP: 3/3
  1353 | D:2      | Killed Robin
  1486 | D:2      | Killed Sigmund
  1487 | D:2      | Reached skill level 4 in Unarmed Combat
  1487 | D:2      | Reached XP level 5. HP: 34/53 MP: 4/4
  1845 | D:3      | Found an iron altar of Okawaru.
  1970 | D:3      | Noticed Natasha
  1986 | D:3      | Killed Natasha
  1987 | D:3      | Reached XP level 6. HP: 7/61 MP: 5/5
  2387 | D:3      | Noticed Natasha
  2398 | D:3      | Killed Natasha
  2463 | D:4      | Reached skill level 5 in Unarmed Combat
  2498 | D:4      | Noticed Eustachio
  2505 | D:4      | Noticed Pikel
  2511 | D:4      | Reached XP level 7. HP: 47/68 MP: 6/6
  2729 | D:4      | HP: 3/70 [ogre/+0 giant spiked club (19)]
  2732 | D:4      | Reached skill level 6 in Unarmed Combat
  2880 | D:4      | Killed Pikel
  2881 | D:4      | Reached skill level 5 in Shields
  2881 | D:4      | Reached skill level 7 in Unarmed Combat
  2881 | D:4      | Reached XP level 8. HP: 47/79 MP: 7/7
  3322 | D:4      | Killed Eustachio
  3425 | D:4      | Reached skill level 5 in Fighting
  3528 | D:4      | Found a sparkling altar of Nemelex Xobeh.
  3747 | D:5      | Entered Level 5 of the Dungeon
  3752 | D:5      | Reached skill level 8 in Unarmed Combat
  3909 | D:5      | Found a blossoming altar of Fedhas.
  3917 | D:5      | Noticed Edmund
  3936 | D:5      | Killed Edmund
  4117 | D:5      | Found a hide-covered altar of Uskayaw.
  4138 | D:5      | Reached XP level 9. HP: 88/88 MP: 8/8
  4278 | D:5      | Found a glowing golden altar of the Shining One.
  4278 | D:5      | Found a stormy altar of Qazlal.
  4279 | D:5      | Found an ancient bone altar of Kikubaaqudgha.
  4675 | D:4      | Reached skill level 9 in Unarmed Combat
  5014 | D:6      | Reached skill level 10 in Unarmed Combat
  5595 | D:7      | Found a staircase to the Ecumenical Temple.
  5600 | Temple   | Entered the Ecumenical Temple
  5600 | Temple   | Found a transporter.
  5600 | Temple   | Found a transporter.
  5602 | Temple   | Found a transporter.
  5602 | Temple   | Found a transporter.
  5625 | Temple   | Became a worshipper of the Wu Jian Council
  5688 | D:7      | Reached XP level 10. HP: 100/100 MP: 9/9
  6077 | D:8      | Found Qimimec's General Store.
  6159 | D:8      | Bought a scroll of identify for 28 gold pieces
  6159 | D:8      | Bought a scroll of fear for 56 gold pieces
  6625 | D:8      | Reached * piety under Wu Jian
  6626 | D:8      | Reached skill level 11 in Unarmed Combat
  6727 | D:8      | Noticed Psyche
  6734 | D:8      | Killed Psyche
  6925 | D:9      | Found an opulent altar of Gozag.
  6927 | D:9      | You fall into a shaft and drop 2 floors!
  6936 | D:10     | Entered Level 10 of the Dungeon
  7210 | D:9      | Found Sanesses's Magic Scroll Boutique.
  7213 | D:9      | Bought a scroll of enchant armour for 97 gold pieces
  7213 | D:9      | Bought a scroll of identify for 26 gold pieces
  7213 | D:9      | Bought a scroll of identify for 26 gold pieces
  7213 | D:9      | Bought 2 scrolls of identify for 52 gold pieces
  7213 | D:9      | Bought a scroll of teleportation for 39 gold pieces
  7236 | D:9      | Found a hazy altar of Hepliaklqana.
  7452 | D:9      | Reached skill level 5 in Dodging
  8178 | D:10     | Noticed a seven-headed hydra
  8345 | D:10     | Reached XP level 11. HP: 88/109 MP: 10/10
  8396 | D:10     | Noticed a deep elf pyromancer
  8396 | D:10     | Noticed a centaur warrior
  8402 | D:10     | Noticed a two-headed ogre
  8405 | D:10     | Noticed a two-headed ogre
  8414 | D:10     | Killed a two-headed ogre
  8415 | D:10     | Reached skill level 12 in Unarmed Combat
  8559 | D:10     | Reached ** piety under Wu Jian
  8575 | D:10     | Killed a seven-headed hydra
  8761 | D:10     | Noticed a boulder beetle
  8783 | D:10     | Killed a boulder beetle
  9002 | D:10     | Killed a two-headed ogre
  9121 | D:10     | Killed a deep elf pyromancer
  9365 | D:11     | Noticed a two-headed ogre
  9375 | D:11     | Killed a two-headed ogre
  9388 | D:11     | Reached skill level 13 in Unarmed Combat
  9598 | D:10     | Slain by a yak

Illustrated notes

Levels and vault maps discovered:
D:1:      dpeg_arrival_chambers_temple_mockup, layout_loops_corners,
          shapermc_ecumenical_altar_venn
D:2:      layout_loops_ring, uniq_robin, uniq_sigmund
D:3:      layout_loops_cross, okawaru_metal_pillars_3, serial_bayou_pond_b,
          uniq_natasha
D:4:      layout_layer_cave, nemelex_dance_club_becter, nzn_random_ring,
          uniq_eustachio, uniq_pikel
D:5:      minmay_opposing_rooms, layout_basic,
          nicolae_uskayaw_murder_on_the_dancefloor, amcnicky_altar_gilded,
          grunt_temple_overflow_open, uniq_edmund
D:6:      layout_cave_pools, minmay_manual_monstrance
D:7:      layout_basic, minmay_temple_entry_butterflies
D:8:      layout_basic, serial_shops, nicolae_shop_window_shopping, uniq_psyche
D:9:      layout_loops_corners, mainiacjoe_overflow_paths,
          overflow_temple_1_default, serial_shops, nicolae_shop_behind_doors
D:10:     layout_gridville, minmay_bent
D:11:     layout_cave_pools, minmay_lair_entry_grove, david_orc_3,
          gauntlet_entry_generic, serial_shops, nicolae_shop_advertising_works
          [nicolae_subvault_shop_adworks], uniq_nergalle
Temple:   hellmonk_temple_divided_pantheon

Skill      XL: |  1  2  3  4  5  6  7  8  9 10 11 |
---------------+----------------------------------+-----
Shields        | 3 4 5 7 8 9 |  9.0
Unarmed Combat | 3 4 5 7 8 10 11 13 | 13.2
Fighting       | 3 4 5 6 7 8 |  8.2
Dodging        | 5 7 |  7.5

Action                   |  1- 3 |  4- 6 |  7- 9 | 10-12 || total
-------------------------+-------+-------+-------+-------++-------
Melee: Unarmed           |   110 |   107 |   308 |   395 ||   920
Throw: Stone             |       |       |    22 |       ||    22
       Boomerang         |       |       |       |     7 ||     7
Invok: Lunge             |       |       |     1 |    25 ||    26
       Whirlwind         |       |       |       |     7 ||     7
Evoke: Wand              |       |       |       |     3 ||     3
  Use: Scroll            |     6 |     1 |     6 |    10 ||    23
       Potion            |       |     1 |     1 |     1 ||     3
Armor: Robe              |    36 |    41 |    79 |    77 ||   233
       Skin              |       |       |       |    21 ||    21
Dodge: Dodged            |    42 |    43 |   102 |   150 ||   337
Block: Kite shield       |    43 |    41 |   124 |   163 ||   371
